 Dungeon Crawl Stone Soup version 0.31-a0-859-g9dce7d3444 (webtiles) character file.

Game seed: 9454355966561986305

6211 IndexError the Geomancer (level 10, -1/60 HPs)
             Began as a Gargoyle Earth Elementalist on Oct 10, 2023.
             Was a Priest of Vehumet.
             Slain by a komodo dragon (12 damage)
             ... on level 9 of the Dungeon.
             The game lasted 00:11:11 (7331 turns).

IndexError the Geomancer (GrEE)                     Turns: 7331, Time: 00:11:11

Health: -1/60      AC: 13    Str: 13    XL:     10   Next: 92%
Magic:  23/24      EV: 16    Int: 16    God:    Vehumet [***...]
Gold:   328        SH:  0    Dex: 15    Spells: 28/29 levels left

rFire   + . .        y - +10 morningstar "Agoptivy" {holy, Will+ Int-3 Dex+5 Stlth+}
rCold   + . .        (no shield)
rNeg    + . .        o - +2 leather armour {rF+}
rPois   ∞            (no helmet)
rElec   +            k - +0 cloak
rCorr   .            (no gloves)
SInv    .            (no boots)
Will    +....        r - amulet of magic regeneration
Stlth   +++          c - +5 ring of evasion
HPRegen 0.30/turn    M - ring of protection from cold {rC+, !d}
MPRegen 0.59/turn

%: no passive effects
@: no status effects
A: sickness immunity, AC +7, negative energy resistance 1, electricity
resistance, torment resistance 1, petrification resistance
a: Renounce Religion


You were on level 9 of the Dungeon.
You worshipped Vehumet.
Vehumet was most pleased with you.
You visited 2 branches of the dungeon, and saw 10 of its levels.
You also visited: Ossuary.

You collected 535 gold pieces.
You spent 207 gold pieces at shops.

Inventory:

Hand Weapons
 y - the +10 morningstar "Agoptivy" (weapon) {holy, Will+ Int-3 Dex+5 Stlth+}
   (You bought it in a shop on level 4 of the Dungeon)

   Int-3:     It affects your intelligence (-3).
   Dex+5:     It affects your dexterity (+5).
   Will+:     It increases your willpower.
   Stlth+:    It makes you more stealthy.
 A - the +5 whip "Jovvovvo" {flame, rN+ rCorr MP+9 Stlth+}
   (You found it on level 5 of the Dungeon)

   rN+:       It protects you from negative energy.
   MP+9:      It affects your magic capacity (+9).
   rCorr:     It protects you from acid and corrosion.
   Stlth+:    It makes you more stealthy.
Missiles
 m - 6 curare-tipped darts
 x - 5 darts of dispersal {=f}
 I - a throwing net {=f, !d}
Armour
 k - a +0 cloak (worn)
   (You found it on level 1 of the Dungeon)
 o - a +2 leather armour of fire resistance (worn)
   (You found it on level 2 of the Dungeon)
 E - a +0 pair of boots
   (You found it on level 9 of the Dungeon)
Magical Staves
 u - a staff of earth
   (You found it on level 3 of the Dungeon)
Jewellery
 c - a +5 ring of evasion (left hand)
   (You found it on level 1 of the Dungeon)
 l - a ring of protection from fire {rF+, !d}
   (You found it on level 2 of the Dungeon)
 r - an amulet of magic regeneration (around neck)
   (You found it on level 3 of the Dungeon)
 M - a ring of protection from cold (right hand) {rC+, !d}
   (You found it on level 8 of the Dungeon)
Wands
 n - a wand of mindburst (11)
   (You found it on level 5 of the Dungeon)
 H - a wand of flame (14)
   (You found it on level 7 of the Dungeon)
 K - a wand of polymorph (5)
   (You found it on level 8 of the Dungeon)
Scrolls
 a - 2 scrolls of noise {unknown}
 d - a scroll of immolation {unknown}
 e - 3 scrolls of teleportation {unknown}
 f - 2 scrolls of amnesia {unknown}
 g - 2 scrolls of fear {unknown}
 h - 5 scrolls of vulnerability {unknown}
 j - 9 scrolls of identify {unknown}
 p - 3 scrolls of revelation {unknown}
 w - a scroll of enchant weapon {unknown}
 C - 2 scrolls of enchant armour {unknown}
 F - a scroll of brand weapon {unknown}
 G - 2 scrolls of poison {unknown}
Potions
 b - a potion of magic
 i - 4 potions of mutation {unknown}
 q - 2 potions of lignification {unknown}
 s - 4 potions of curing {unknown}
 t - 2 potions of enlightenment {unknown}
 v - a potion of invisibility {unknown}
 z - a potion of might {unknown}
 B - a potion of berserk rage {unknown}
 D - 2 potions of attraction {unknown}
 J - a potion of heal wounds {unknown}
 L - a potion of degeneration {unknown}


   Skills:
 + Level 5.9 Fighting
 * Level 7.6 Maces & Flails
 - Level 1.5 Dodging
 - Level 2.1 Stealth
 - Level 10.0 Spellcasting
 - Level 0.7 Transmutations
 - Level 10.0 Earth Magic


You had 28 spell levels left.
You knew the following spells:

 Your Spells              Type           Power      Damage    Failure   Level
a - Sandblast             Erth           80%        2d17      1%          1

Your spell library contained the following spells:

 Spells                   Type           Power      Damage    Failure   Level
 Searing Ray              Conj           16%        2d5       4%          2
 Passwall                 Tmut/Erth      20%        N/A       1%          2
 Stone Arrow              Conj/Erth      48%        3d10      1%          3
 Brom's Barrelling Bould  Conj/Erth      24%        2d5       4%          4
 Apportation              Tloc           16%        N/A       12%         1
 Necrotise                Necr           32%        1d5       12%         1
 Summon Small Mammal      Summ           32%        N/A       12%         1
 Wereblood                Tmut           10%        N/A       13%         2
 Petrify                  Tmut/Erth      25%        N/A       13%         4
 Ensorcelled Hibernation  Hex/Ice        16%        N/A       17%         2
 Call Canine Familiar     Summ           8%         N/A       34%         3
 Summon Guardian Golem    Hex/Summ       8%         N/A       34%         3
 Swiftness                Air            8%         N/A       34%         3
 Irradiate                Conj/Tmut      4%         3d13      54%         5


Dungeon Overview and Level Annotations

Branches:
Dungeon (9/15)             Temple (1/1) D:6            Lair (0/5) D:9
Ossuary (visited)
    Orc: D:9-12

Altars:
Cheibriados
Dithmenos
Elyvilon
Fedhas
Gozag
Hepliaklqana
Kikubaaqudgha
Makhleb
Nemelex Xobeh
Okawaru
Ru
Sif Muna
Trog
Uskayaw
Vehumet
Xom
Yredelemnul
Zin
The Shining One

Shops:
D:4 [[(*(

Annotations:
D:6 3 runed translucent doors, EnjSadman's ghost, novice MiFi


Innate Abilities, Weirdness & Mutations

You are immune to sickness and miasma.
Your stone body is resilient. (AC +7)
You are immune to poison.
You resist negative energy. (rN+)
You are resistant to electric shocks. (rElec)
You are resistant to unholy torment.
You are immune to petrification.


Message History

There are monsters nearby!
Unknown command.
The blast of sand hits the black bear!!
The bullfrog croaks.
The water moccasin bites the fungus.
The fungus begins to die.
The black bear goes berserk!
The blast of sand hits the black bear!!
Vehumet accepts your kill.
You feel your power returning.
A nearby plant withers and dies.
The bullfrog hits you but does no damage.
The water moccasin barely misses you.
The blast of sand hits the water moccasin!
A nearby plant withers and dies. x2
The bullfrog hits you but does no damage.
The water moccasin bites you but does no damage.
The bullfrog hits you but does no damage.
The water moccasin barely misses you.
The komodo dragon bites the fungus!!
The blast of sand misses the water moccasin.
The blast of sand hits the fungus!!
A nearby fungus withers and dies.
The bullfrog barely misses you. The water moccasin closely misses you.
The bullfrog hits the plant.
The plant begins to die.
The water moccasin bites you but does no damage.
The bullfrog hits the plant.
You now have 23/24 mp.
The blast of sand hits the water moccasin!!
Vehumet accepts your kill.
The bullfrog closely misses you. x2; The komodo dragon closely misses you.
The bullfrog barely misses you.
The bullfrog hits you but does no damage.
The komodo dragon closely misses you.
The bullfrog hits the plant.
The blast of sand hits the bullfrog!!
The bullfrog hits you but does no damage.
The komodo dragon barely misses you.
The bullfrog hits you but does no damage.
The bullfrog closely misses you. The bullfrog misses you.
The blast of sand hits the bullfrog!
Vehumet accepts your kill.
A nearby plant withers and dies.
The bullfrog misses you. x2
The komodo dragon bites you! The bullfrog barely misses you.
The bullfrog hits you but does no damage.
The komodo dragon bites you but does no damage.
You take 12 damage, and have 48/60 hp.
The blast of sand hits the bullfrog.
The bullfrog barely misses you. The bullfrog closely misses you.
The bullfrog hits you but does no damage.
The bullfrog misses you. The komodo dragon closely misses you.
The bullfrog closely misses you.
The blast of sand hits the bullfrog!!
Vehumet accepts your kill.
You feel your power returning. The bullfrog barely misses you.
The komodo dragon bites you. The bullfrog misses you.
The komodo dragon closely misses you.
You take 5 damage, and have 44/60 hp.
MP restored: 24 The blast of sand hits the komodo dragon.
The bullfrog misses you. The komodo dragon barely misses you.
The bullfrog hits you but does no damage.
The blast of sand hits the komodo dragon but does no damage.
The bullfrog barely misses you. The komodo dragon barely misses you.
The bullfrog closely misses you. The komodo dragon bites you!
You take 9 damage, and have 36/60 hp.
You are too injured to fight recklessly!
You are too injured to fight recklessly!
Casting: Sandblast (safe; 1% risk of failure)
Confirm with . or Enter, or press ? or * to list all spells.
Aiming: Sandblast (safe; 1% risk of failure)
Press: ? - help, Shift-Dir - straight line, f/p - komodo dragon
Aim: a komodo dragon (lightly wounded, 89% to hit)
The blast of sand hits the komodo dragon but does no damage.
The bullfrog closely misses you. The bullfrog hits you.
The komodo dragon barely misses you. The bullfrog closely misses you.
You take 3 damage, and have 33/60 hp.
Casting: Sandblast (safe; 1% risk of failure)
Confirm with . or Enter, or press ? or * to list all spells.
Aiming: Sandblast (safe; 1% risk of failure)
Press: ? - help, Shift-Dir - straight line, f/p - komodo dragon
Aim: a komodo dragon (lightly wounded, 89% to hit)
The blast of sand hits the komodo dragon!
The bullfrog barely misses you. The komodo dragon bites you!!
* * * LOW HITPOINT WARNING * * *
The bullfrog hits you but does no damage.
The komodo dragon closely misses you.
You take 23 damage, and have 10/60 hp.
MASSIVE DAMAGE!!
Casting: Sandblast (safe; 1% risk of failure)
Confirm with . or Enter, or press ? or * to list all spells.
Aiming: Sandblast (safe; 1% risk of failure)
Press: ? - help, Shift-Dir - straight line, f/p - komodo dragon
Aim: a komodo dragon (moderately wounded, 89% to hit)
The blast of sand hits the komodo dragon!!
The bullfrog closely misses you. The komodo dragon closely misses you.
The bullfrog misses you.
You now have 23/24 mp.
Casting: Sandblast (safe; 1% risk of failure)
Confirm with . or Enter, or press ? or * to list all spells.
Aiming: Sandblast (safe; 1% risk of failure)
Press: ? - help, Shift-Dir - straight line, f/p - komodo dragon
Aim: a komodo dragon (severely wounded, 89% to hit)
The blast of sand hits the komodo dragon.
The bullfrog closely misses you. The komodo dragon bites you!
You die...

#.W....... ..P...P.P#
#.........~~~ .>.PP.P..#
#..........~~ .....PP.P#
#.........~~. ....PP.P.#
#..........~. ....P.P.P#
#.....<....~. ...PP..$.#
#............ P...P..†.#
#..........). P..P..†@.#
#...........) .PP.P.lF.#
#...........# ....P....#
#...........# ..P......#
#...........#
....##...###...........#
..## #..................
. #.........######...
#..#####..# #..# #..#
#..# #..#


You could see a komodo dragon and a bullfrog.

Vanquished Creatures
  2 two-headed ogres (D:8)
  Pikel (D:5)
  A troll (D:8)
  A hornet (D:8)
  Grinder (D:6)
  An unseen horror simulacrum (D:9)
  Menkaure (D:4)
  A steam dragon (D:7)
  The ghost of CrazyBamboolord the Gusty, an amateur TeAE (D:3)
  2 water moccasins
  4 black bears
  2 ice beasts
  An ogre (D:7)
  A wolf (D:9)
  2 centaurs (D:5)
  A phantom (D:3)
  An elf zombie (Ossuary)
  2 kobold brigands
  4 bullfrogs
  A gnoll sergeant (D:8)
  2 scorpions (D:6)
  7 wights (D:8)
  6 killer bees
  2 centaur zombies (Ossuary)
  4 human zombies (Ossuary)
  5 hounds
  A jelly (D:5)
  5 orc priests (D:7)
  3 sleepcaps
  4 iguanas
  2 orc wizards (D:7)
  A statue (D:5)
  2 centaur simulacra (D:9)
  A hound zombie (Ossuary)
  3 mummies (Ossuary)
  4 gnolls (D:8)
  6 adders
  4 white imps
  An ufetubus (D:5)
  3 dart slugs (D:1)
  16 orcs
  4 endoplasms
  5 giant cockroaches
  A gnoll zombie (Ossuary)
  11 goblins
  9 hobgoblins
  9 jackals
  2 quokkas
  3 ball pythons
  4 bats
  A frilled lizard (D:2)
  5 goblin zombies (Ossuary)
  6 hobgoblin zombies (Ossuary)
  5 jackal zombies (Ossuary)
  23 kobolds
  4 kobold zombies (Ossuary)
  An orc zombie (Ossuary)
  2 quokka zombies (Ossuary)
  8 rats
  4 rat zombies (Ossuary)
220 creatures vanquished.

Notes
Turn   | Place    | Note
-------+----------+-------------------------------------------
     0 | D:1      | IndexError the Gargoyle Earth Elementalist began the quest
                  | for the Orb.
     0 | D:1      | Reached XP level 1. HP: 10/10 MP: 3/3
   176 | D:1      | Reached skill level 4 in Earth Magic
   176 | D:1      | Reached XP level 2. HP: 15/15 MP: 1/5
   829 | D:1      | Reached XP level 3. HP: 19/19 MP: 4/7
  1335 | D:2      | Reached skill level 3 in Spellcasting
  1746 | D:3      | Noticed an ogre
  1753 | D:3      | Reached XP level 4. HP: 24/24 MP: 4/8
  1985 | D:3      | Noticed a phantom
  1999 | D:3      | Killed a phantom
  2000 | D:3      | Reached skill level 5 in Earth Magic
  2000 | D:3      | Reached XP level 5. HP: 24/28 MP: 4/10
  2088 | D:3      | Found a runed translucent gate.
  2092 | D:3      | Found a runed translucent gate.
  2097 | D:3      | Noticed CrazyBamboolord's ghost (amateur TeAE)
  2111 | D:3      | Found a runed translucent gate.
  2415 | D:3      | Killed CrazyBamboolord's ghost
  2416 | D:3      | Reached skill level 4 in Spellcasting
  2416 | D:3      | Reached skill level 6 in Earth Magic
  2416 | D:3      | Reached XP level 6. HP: 32/32 MP: 9/12
  2639 | D:4      | Found Ruiwnapt's General Store.
  2649 | D:4      | Found Joneitin's Antique Weapon Shop.
  2659 | D:4      | Found Vyess's Antique Armour Emporium.
  2813 | D:4      | Found Taluafau's Antique Weapon Shoppe.
  2851 | D:4      | Found Itwelae's Antique Armour Emporium.
  2892 | D:4      | Noticed Menkaure
  2899 | D:4      | Killed Menkaure
  2900 | D:4      | Reached XP level 7. HP: 22/36 MP: 11/14
  3263 | D:4      | Bought a jewelled morningstar for 207 gold pieces
  3263 | D:4      | Identified the +10 morningstar "Agoptivy" {holy, Will+
                  | Int-3 Dex+5 Stlth+} (You bought it in a shop on level 4 of
                  | the Dungeon)
  3275 | D:5      | Entered Level 5 of the Dungeon
  3332 | D:5      | Noticed Pikel
  3336 | D:5      | Killed Pikel
  3337 | D:5      | Reached skill level 6 in Spellcasting
  3337 | D:5      | Reached skill level 8 in Earth Magic
  3337 | D:5      | Reached XP level 8. HP: 18/41 MP: 14/17
  3569 | D:5      | Identified the +5 whip "Jovvovvo" {flame, rN+ rCorr MP+9
                  | Stlth+}
  3808 | D:5      | Reached skill level 9 in Earth Magic
  4089 | D:5      | Reached skill level 7 in Spellcasting
  4151 | D:5      | Found a radiant altar of Vehumet.
  4558 | D:6      | Reached skill level 10 in Earth Magic
  4558 | D:6      | Reached XP level 9. HP: 45/45 MP: 17/20
  4666 | D:6      | Noticed Grinder
  4672 | D:6      | Killed Grinder
  4673 | D:6      | Reached skill level 8 in Spellcasting
  4830 | D:6      | Found a staircase to the Ecumenical Temple.
  4877 | D:6      | Found a runed translucent gate.
  4877 | D:6      | Found a runed translucent gate.
  4877 | D:6      | Found a runed translucent gate.
  4877 | D:6      | Noticed EnjSadman's ghost (novice MiFi)
  4922 | Temple   | Entered the Ecumenical Temple
  5011 | D:5      | Became a worshipper of Vehumet
  5456 | D:7      | Reached skill level 9 in Spellcasting
  5527 | D:7      | Reached skill level 1 in Maces & Flails
  5539 | D:7      | Reached skill level 1 in Fighting
  5543 | D:7      | Reached * piety under Vehumet
  5543 | D:7      | Offered knowledge of Foxfire by Vehumet.
  5664 | D:7      | Reached skill level 2 in Maces & Flails
  5699 | D:7      | You fall into a shaft and drop 1 floor!
  5806 | D:8      | Noticed a hornet
  5811 | D:8      | Killed a hornet
  5812 | D:8      | Reached skill level 2 in Fighting
  5822 | D:8      | Reached skill level 3 in Maces & Flails
  5980 | D:8      | Reached skill level 3 in Fighting
  5980 | D:8      | Reached skill level 4 in Maces & Flails
  5980 | D:8      | Reached XP level 10. HP: 54/56 MP: 21/23
  6073 | D:8      | Noticed a two-headed ogre
  6078 | D:8      | Killed a two-headed ogre
  6079 | D:8      | Reached skill level 5 in Maces & Flails
  6252 | D:8      | Found a sand-covered staircase.
  6257 | Ossuary  | Entered an ossuary
  6279 | Ossuary  | Offered knowledge of Static Discharge by Vehumet.
  6292 | Ossuary  | Reached ** piety under Vehumet
  6310 | Ossuary  | Reached skill level 4 in Fighting
  6617 | D:8      | Noticed a two-headed ogre
  6622 | D:8      | Killed a two-headed ogre
  6623 | D:8      | Reached skill level 6 in Maces & Flails
  6623 | D:8      | Reached skill level 10 in Spellcasting
  6794 | D:8      | Reached skill level 5 in Fighting
  6952 | D:9      | Offered knowledge of Searing Ray by Vehumet.
  7167 | D:9      | Found a shimmering altar of Xom.
  7200 | D:9      | Reached *** piety under Vehumet
  7206 | D:9      | Reached skill level 7 in Maces & Flails
  7314 | D:9      | Found a staircase to the Lair.
  7329 | D:9      | HP: 10/60 [komodo dragon (24)]
  7331 | D:9      | Slain by a komodo dragon

Illustrated notes

Levels and vault maps discovered:
D:1:      dpeg_arrival_simpleton_a, layout_loops_cross, minmay_statues_item
D:2:      layout_rooms, minmay_misc_feat_hallway
D:3:      minmay_general_purpose_star, layout_basic, gammafunk_ghost_split
D:4:      layout_basic, serial_shops, shop, shop, nicolae_shop_behind_doors,
          nicolae_shop_gibbet_a_chance, shop, uniq_menkaure
D:5:      layout_basic, vehumet_statue, minmay_between, uniq_pikel
D:6:      layout_basic, minmay_temple_entry_glassed_door, gammafunk_ghost_split,
          palyth_stone_intersect, uniq_grinder
D:7:      layout_cave_pools
D:8:      layout_basic, nicolae_ossuary_entry_plus
D:9:      layout_long_grid, mainiacjoe_overflow_boulevard,
          ashenzari_conservatory_becter, grunt_temple_overflow_open,
          due_lair_maze_entry_diamond, enter_bailey_1, serial_ice, serial_ice_k,
          serial_ice_n, serial_ice_f, serial_ice_c
Temple:   bh_familiar_temple

Skill      XL: |  1  2  3  4  5  6  7  8  9 10 |
---------------+-------------------------------+-----
Earth Magic    | 4 5 6 8 10 | 10.0
Spellcasting   | 3 4 6 7 9 10 | 10.0
Maces & Flails | 4 7 |  7.6
Fighting       | 3 5 |  5.9
Dodging        | |  1.5
Stealth        | |  2.1
Transmutations | |  0.7

Action                     |  1- 3 |  4- 6 |  7- 9 | 10-12 || total
---------------------------+-------+-------+-------+-------++-------
  Melee: Club              |     3 |       |       |       ||     3
         Dagger            |     3 |     1 |       |       ||     4
         Morningstar       |       |       |    36 |     9 ||    45
         Punch             |       |       |     1 |       ||     1
   Cast: Sandblast         |    60 |    53 |   148 |   134 ||   395
 Armour: Robe              |     7 |       |       |       ||     7
         Leather armour    |     3 |    17 |    69 |    83 ||   172
  Dodge: Dodged            |    17 |    26 |   103 |   146 ||   292

Table legend: (Time is in decaauts)
 A = Elapsed time spent in this place.
 B = Non-inter-level travel time spent in this place.
 C = Inter-level travel time spent in this place.
 D = Time resting spent in this place.
 E = Time spent auto-exploring this place.
 F = Levels seen in this place.
 G = Mean time per level.
                   A        B        C        D        E       F      G
               +--------+--------+--------+--------+--------+-----+--------+
         Total |   7548 |   6801 |    747 |      0 |   5402 |  11 |  686.2 |
       Dungeon |   7262 |   6549 |    713 |      0 |   5277 |   9 |  806.9 |
        Temple |     34 |      0 |     34 |      0 |      0 |   1 |   34.0 |
       Ossuary |    251 |    251 |      0 |      0 |    125 |   1 |  251.0 |
               +--------+--------+--------+--------+--------+-----+--------+

Top non-repeatable levels by time:
     D:8: 1214 daAuts
     D:5: 1139 daAuts
     D:3: 989 daAuts
     D:6: 926 daAuts
     D:1: 924 daAuts
     D:4: 818 daAuts
     D:2: 699 daAuts
     D:7: 294 daAuts
     D:9: 254 daAuts
 Ossuary: 251 daAuts
  Temple: 34 daAuts

Levels and vault maps discovered:
D:1:      dpeg_arrival_simpleton_a, layout_loops_cross, minmay_statues_item
D:2:      layout_rooms, minmay_misc_feat_hallway
D:3:      minmay_general_purpose_star, layout_basic, gammafunk_ghost_split
D:4:      layout_basic, serial_shops, shop, shop, nicolae_shop_behind_doors,
          nicolae_shop_gibbet_a_chance, shop, uniq_menkaure
D:5:      layout_basic, vehumet_statue, minmay_between, uniq_pikel
D:6:      layout_basic, minmay_temple_entry_glassed_door, gammafunk_ghost_split,
          palyth_stone_intersect, uniq_grinder
D:7:      layout_cave_pools
D:8:      layout_basic, nicolae_ossuary_entry_plus
D:9:      layout_long_grid, mainiacjoe_overflow_boulevard,
          ashenzari_conservatory_becter, grunt_temple_overflow_open,
          due_lair_maze_entry_diamond, enter_bailey_1, serial_ice, serial_ice_k,
          serial_ice_n, serial_ice_f, serial_ice_c
Temple:   bh_familiar_temple

Table legend: (Time is in decaauts)
 A = Elapsed time spent in this place.
 B = Non-inter-level travel time spent in this place.
 C = Inter-level travel time spent in this place.
 D = Time resting spent in this place.
 E = Time spent auto-exploring this place.
 F = Levels seen in this place.
 G = Mean time per level.
                   A        B        C        D        E       F      G
               +--------+--------+--------+--------+--------+-----+--------+
         Total |   7548 |   6801 |    747 |      0 |   5402 |  11 |  686.2 |
       Dungeon |   7262 |   6549 |    713 |      0 |   5277 |   9 |  806.9 |
        Temple |     34 |      0 |     34 |      0 |      0 |   1 |   34.0 |
       Ossuary |    251 |    251 |      0 |      0 |    125 |   1 |  251.0 |
               +--------+--------+--------+--------+--------+-----+--------+

Top non-repeatable levels by time:
     D:8: 1214 daAuts
     D:5: 1139 daAuts
     D:3: 989 daAuts
     D:6: 926 daAuts
     D:1: 924 daAuts
     D:4: 818 daAuts
     D:2: 699 daAuts
     D:7: 294 daAuts
     D:9: 254 daAuts
 Ossuary: 251 daAuts
  Temple: 34 daAuts

Table legend:
 A = Kills in this place as a percentage of kills in the entire game.
 B = Kills by you in this place as a percentage of kills by you in the entire game.
 C = Kills by friends in this place as a percentage of kills by friends in the entire game.
 D = Other kills in this place as a percentage of other kills in the entire game.
 E = Experience gained in this place as a percentage of experience gained in the entire game.
 F = Experience gained in this place divided by the number of levels of this place that you have seen.
                   A       B       C       D       E      F
               +-------+-------+-------+-------+-------+----------------------
         Total | 100.0 | 100.0 |   N/A |   N/A | 100.0 | 806.6
       Dungeon |  82.3 |  82.3 |   N/A |   N/A |  94.7 | 933.9
       Ossuary |  17.7 |  17.7 |   N/A |   N/A |   5.3 | 468.0
               +-------+-------+-------+-------+-------+----------------------
